 Dungeon Crawl Stone Soup version 0.24.0-13-gcf9b319 (webtiles) character file.

Game seed: 499471664417913774, levelgen mode: deterministic

10 Bronimir the Ogre Mage (level 2, -1/24 HPs)
             Began as an Ogre Wizard on Mar 29, 2020.
             Slain by a rat (2 damage)
             ... on level 1 of the Dungeon.
             The game lasted 00:02:02 (412 turns).

Bronimir the Ogre Mage (Ogre Wizard)                 Turns: 412, Time: 00:02:03

Health: -1/24      AC:  3    Str: 10    XL:     2   Next: 20%
Magic:  1/7        EV: 10    Int: 19    God:
Gold:   0          SH:  0    Dex:  7    Spells: 8/9 levels left

rFire    . . .     SeeInvis .   a - +0 club
rCold    . . .     Gourm    .   (no shield)
rNeg     . . .     Faith    .   f - +0 robe
rPois    .         Spirit   .   b - +0 hat
rElec    .         Reflect  .   (no cloak)
rCorr    .         Harm     .   (gloves unavailable)
MR       .....                  (boots unavailable)
Stlth    +.........             (no amulet)
HPRegen  0.08/turn              (no ring)
MPRegen  0.10/turn              (no ring)

@: very slightly contaminated
A: large, unfitting armour, tough skin 1
a: no special abilities


You were on level 1 of the Dungeon.
You were not hungry.

You visited 1 branch of the dungeon, and saw 1 of its levels.

Inventory:

Hand Weapons
 a - a +0 club (weapon)
Missiles
 h - 27 stones (quivered)
Armour
 b - a +0 hat (worn)
 f - a +0 robe (worn)
Scrolls
 e - a scroll of enchant weapon {unknown}
 g - 3 scrolls of magic mapping {unknown}
Comestibles
 d - a ration


   Skills:
 + Level 1.9 Dodging
 - Level 1.4 Stealth
 * Level 4.2 Spellcasting
 * Level 0.8 Conjurations
   Level 0.8 Summonings
   Level 0.8 Translocations


You had 8 spell levels left.
You knew the following spells:

 Your Spells              Type           Power        Failure   Level  Hunger
a - Magic Dart            Conj           #...         10%         1    None

Your spell library contained the following spells:

 Spells                   Type           Power        Failure   Level  Hunger
 Blink                    Tloc           N/A          14%         2    #......
 Call Imp                 Summ           #.......     14%         2    #......
 Slow                     Hex            #.......     21%         2    #......
 Conjure Flame            Conj/Fire      #.......     32%         3    ###....
 Mephitic Cloud           Conj/Pois/Air  #.......     34%         3    ###....


Dungeon Overview and Level Annotations

Branches:
Dungeon (1/15)

Altars:


Innate Abilities, Weirdness & Mutations

You are too large for most types of armour.
You have tough skin. (AC +1)


Message History

* * * LOW HITPOINT WARNING * * *
You hit the giant cockroach.
You kill the giant cockroach!
The rat bites you.
* * * LOW HITPOINT WARNING * * *
There is a staircase leading out of the dungeon here.
Casting: Magic Dart (safe; 10% risk of failure)
Confirm with . or Enter, or press ? or * to list all spells.
Aiming: Magic Dart (safe; 10% risk of failure)
Press: ? - help, Shift-Dir - straight line, f - rat
Aim: a rat The magic dart hits the rat.
The rat is heavily wounded.
The rat bites you but does no damage. The rat bites you.
* * * LOW HITPOINT WARNING * * *
You barely miss the rat.
The rat is heavily wounded.
The rat bites you.
You die...

#.# #..##........ ####.#
##.#..........
#....#####..#..##.#....
#r###....#....##..#....
###.###..................
##.r.#..................
#r.##..#.........####.##
#.## .###++###''## # #.)#
.##.@.......# .....
.##.r.......# ........
..#.........#
.............#.........#
............ #.........#
.^...........#.........#
.............#.....†...#
#....<....# ###########


You could see a rat.

Vanquished Creatures
  A dart slug (D:1)
  2 giant cockroaches (D:1)
  A goblin (D:1)
  A hobgoblin (D:1)
  2 frilled lizards (D:1)
  A rat (D:1)
8 creatures vanquished.

Notes
Turn   | Place    | Note
-------+----------+-------------------------------------------
     0 | D:1      | Bronimir the Ogre Wizard began the quest for the Orb.
     0 | D:1      | Reached XP level 1. HP: 16/16 MP: 5/5
   150 | D:1      | Reached skill level 4 in Spellcasting
   286 | D:1      | Reached XP level 2. HP: 24/24 MP: 4/7
   401 | D:1      | HP: 1/24 [rat (3)]
   408 | D:1      | HP: 1/24 [rat (1)]
   412 | D:1      | Slain by a rat

Levels and vault maps discovered:
D:1:      lemuel_arrival_behind_the_door_large, layout_rooms

Skill      XL: |  1 |
---------------+----+-----
Spellcasting   | 4 |  4.2
Dodging        | |  1.9
Stealth        | |  1.4
Conjurations   | |  0.8
Summonings     | |  0.8
Translocations | |  0.8

Action                   || total
-------------------------++-------
Melee: Unarmed           ||    28
       Club              ||     4
 Cast: Magic Dart        ||    25
Armor: Robe              ||    17
Dodge: Dodged            ||    35
